 Dungeon Crawl Stone Soup version 0.31-a0-986-g5e6e4ef867 (webtiles) character file.

Game seed: 1595679987721375125

4 Maxmaps the Sneak (level 1, 0/16 HPs)
             Began as an Octopode Delver on Nov 7, 2023.
             Slain by a quokka (2 damage)
             ... on level 2 of the Dungeon.
             The game lasted 00:00:43 (162 turns).

Maxmaps the Sneak (Octopode Delver)                  Turns: 162, Time: 00:00:44

Health: 0/16       AC:  1    Str: 11    XL:     1   Next: 70%
Magic:  1/1        EV: 13    Int: 12    God:
Gold:   16         SH:  0    Dex: 13    Spells: 0/0 levels left

rFire   . .          .
                       - Unarmed
rCold   + . .        (no shield)
rNeg    . . .        (helmet restricted)
rPois   .            (no amulet)
rElec   .            f - ring of protection from cold
rCorr   .            (no ring)
SInv    .            (no ring)
Will    .....        (no ring)
Stlth   ++++         (no ring)
HPRegen 0.22/turn    (no ring)
MPRegen 0.07/turn    (no ring)
                     (no ring)

%: no passive effects
@: no status effects
A: almost no armour, amphibious, 8 rings, camouflage 1, gelatinous body 1,
(nimble swimmer 1), tentacles
a: no special abilities


You were on level 2 of the Dungeon.
You visited 1 branch of the dungeon, and saw 5 of its levels.

You collected 16 gold pieces.

Inventory:

Jewellery
 f - a ring of protection from cold (left tentacle)
Wands
 e - a wand of digging (3)
Scrolls
 a - a scroll of fog
 b - a scroll of revelation
 c - a scroll of fear
 g - a scroll of enchant weapon {unknown}
Potions
 d - a potion of haste


   Skills:
 - Level 3.0 Fighting
 - Level 2.0 Dodging
 + Level 7.0 Stealth
 - Level 2.0 Unarmed Combat


You couldn't memorise any spells.
You didn't know any spells.
Your spell library was empty.

Dungeon Overview and Level Annotations

Branches:
Dungeon (5/15)
 Temple: D:4-7

Altars:


Innate Abilities, Weirdness & Mutations

You cannot wear most types of armour.
You are amphibious.
You can wear up to eight rings at the same time.
Your skin changes colour to match your surroundings (Stealth+).
Your rubbery body absorbs attacks. (AC +1, EV +1)
((You are camouflaged when in or above water. (Stealth+)))
You have tentacles for arms and can constrict up to eight enemies at once.


Message History

f - a ring of protection from cold (left tentacle) HP restored.
A malevolent force fills the Dungeon... and a teleportation trap spontaneously manifests!
You are yanked towards some nearby monsters!
Your surroundings suddenly seem different.
A hobgoblin, a giant cockroach and a goblin come into view.
Found three items.
Found a stone staircase leading down.
Found 8 gold pieces.
The goblin shouts!
The hobgoblin shouts!
The hobgoblin barely misses you.
There are monsters nearby!
There are monsters nearby!
You tentacle-slap the hobgoblin. You grab the hobgoblin.
The hobgoblin is moderately wounded.
You constrict the hobgoblin. The hobgoblin hits you.
You tentacle-slap the hobgoblin.
You kill the hobgoblin!
The goblin closely misses you.
You tentacle-slap the goblin. Your grab misses the goblin.
The goblin is moderately wounded.
The giant cockroach bites you. The goblin barely misses you.
You closely miss the goblin. You grab the goblin.
The goblin is moderately wounded.
You constrict the goblin. The giant cockroach closely misses you.
The goblin hits you with a +0 dagger. The quokka bites you.
The giant cockroach bites you.
* * * LOW HITPOINT WARNING * * *
You are too injured to fight recklessly!
You are too injured to fight recklessly!
You barely miss the quokka. Your grab misses the quokka.
You constrict the goblin.
You kill the goblin!
The giant cockroach misses you. The quokka bites you.
* * * LOW HITPOINT WARNING * * *
Your Stealth skill increases to level 7!
You miss the quokka. Your grab misses the quokka.
Your squeeze misses the quokka.
The giant cockroach bites you but does no damage.
The quokka bites you.
You die...

# ###...... .
#........ #$
#........ .##........
.......... .........
#†....... ....
#........ $...
#@r...... ...
#.)B.>..## #.
....?...?.# #
#.#?.......##########
#.#.....#............
# #.....##.# #....#
......# ## #....#
##....# #....#
#....######....#


You could see a quokka and a giant cockroach.

Vanquished Creatures
  A goblin (D:2)
  A hobgoblin (D:2)
  2 ball pythons (D:2)
4 creatures vanquished.

Notes
Turn   | Place    | Note
-------+----------+-------------------------------------------
     0 | D:5      | Maxmaps the Octopode Delver began the quest for the Orb.
     0 | D:5      | Reached XP level 1. HP: 16/16 MP: 1/1
   162 | D:2      | Reached skill level 7 in Stealth
   162 | D:2      | Slain by a quokka

Illustrated notes

Levels and vault maps discovered:
D:1:      dpeg_arrival_connections, layout_basic,
          hellmonk_ecumenical_altar_crossroads, minmay_liquid_box
D:2:      layout_rooms, serial_shops, shop
D:3:      layout_loops_corners, nemelex_spade_bored_becter,
          gammafunk_ghost_grave, uniq_robin, uniq_terence, uniq_natasha
D:4:      layout_basic, nicolae_wooded_promenade, minmay_cut_off, uniq_ijyb
D:5:      layout_gridville, minivault_24, uniq_pikel

Skill      XL: |  1 |
---------------+----+-----
Stealth        | 7 |  7.0
Fighting       | |  3.0
Dodging        | |  2.0
Unarmed Combat | |  2.0

Action                     || total
---------------------------++-------
  Melee: Unarmed           ||    10
         Constrict         ||     3
         Tentacles         ||     2
   Stab: Sleeping          ||     1
 Armour: Skin              ||    11
  Dodge: Dodged            ||     6

Table legend: (Time is in decaauts)
 A = Elapsed time spent in this place.
 B = Non-inter-level travel time spent in this place.
 C = Inter-level travel time spent in this place.
 D = Time resting spent in this place.
 E = Time spent auto-exploring this place.
 F = Levels seen in this place.
 G = Mean time per level.
                   A        B        C        D        E       F      G
               +--------+--------+--------+--------+--------+-----+--------+
         Total |    160 |    115 |     45 |      0 |     67 |   5 |   32.0 |
       Dungeon |    160 |    115 |     45 |      0 |     67 |   5 |   32.0 |
               +--------+--------+--------+--------+--------+-----+--------+

Top non-repeatable levels by time:
     D:5: 51 daAuts
     D:3: 42 daAuts
     D:2: 40 daAuts
     D:1: 20 daAuts
     D:4: 4 daAuts
